 Dungeon Crawl Stone Soup version 0.27.1-34-g3ba077fa99 (webtiles) character file.

Game seed: 9658257217225066543

1451 pkoi the Martial Artist (level 8, -1/63 HPs)
             Began as a Grey Draconian Monk on Jan 3, 2022.
             Was a Priest of the Shining One.
             Slain by a two-headed ogre (10 damage)
             ... on level 6 of the Dungeon.
             The game lasted 00:08:09 (6760 turns).

pkoi the Martial Artist (Grey Draconian Monk)       Turns: 6760, Time: 00:08:09

Health: -1/63      AC: 14    Str: 14    XL:     8   Next: 47%
Magic:  8/8        EV: 12    Int: 12    God:    the Shining One [***...]
Gold:   468        SH:  0    Dex: 14    Spells: 7/7 levels left

rFire    . . .     SeeInvis .     - Unarmed
rCold    . . .     Faith    .   (no shield)
rNeg     + . .     Spirit   .   (armour unavailable)
rPois    .         Reflect  .   b - +2 hat
rElec    .         Harm     .   (no cloak)
rCorr    .         Rampage  .   n - +0 pair of gloves
Will     .....                  (no boots)
Stlth    +.........             (no amulet)
HPRegen  0.20/turn              (no ring)
MPRegen  0.11/turn              (no ring)

@: glowing
A: AC +11, amphibious, unfitting armour, cold-blooded, antennae 1, hooves 1,
noise suppression
a: Renounce Religion, Divine Shield


You were on level 6 of the Dungeon.
You worshipped the Shining One.
The Shining One was most pleased with you.
You visited 1 branch of the dungeon, and saw 6 of its levels.
You also visited: Sewer and Ossuary.

You collected 468 gold pieces.

Inventory:

Hand Weapons
 h - a +2 whip of venom
 l - the +2 mace "Hesi" {freeze, rF+ Int+4 SInv}
   (You found it on level 4 of the Dungeon)

   It freezes those it strikes, dealing additional cold damage.
   It can also slow down cold-blooded creatures.
   Int:       It affects your intelligence (+4).
   rF:        It protects you from fire.
   SInv:      It lets you see invisible.
Missiles
 e - 17 poisoned darts (quivered)
Armour
 b - a +2 hat (worn)
 n - a +0 pair of gloves (worn)
Jewellery
 p - an amulet of the acrobat
Wands
 g - a wand of paralysis (3)
 w - a wand of flame (18)
Scrolls
 c - a scroll of magic mapping
 f - a scroll of enchant weapon
 j - 8 scrolls of identify
 r - 3 scrolls of teleportation
 s - 2 scrolls of amnesia
 x - a scroll of silence
Potions
 a - 2 potions of heal wounds
 o - a potion of might
 q - a potion of curing
 u - a potion of berserk rage


   Skills:
 - Level 3.2 Fighting
 - Level 2.6 Dodging
 - Level 1.7 Stealth
 + Level 10.9 Unarmed Combat


You had 7 spell levels left.
You didn't know any spells.
Your spell library contained the following spells:

 Spells                   Type           Power      Damage    Failure   Level
 Ozocubu's Armour         Ice            0%         N/A       69%         3
 Summon Ice Beast         Ice/Summ       0%         N/A       97%         4
 Summon Mana Viper        Hex/Summ       0%         N/A       100%        5
 Monstrous Menagerie      Summ           0%         N/A       100%        7
 Ozocubu's Refrigeration  Ice            0%         4d5       100%        7


Dungeon Overview and Level Annotations

Branches:
Dungeon (6/15)              Sewer (visited)         Ossuary (visited)
 Temple: D:4-7

Altars:
Hepliaklqana
Makhleb
The Shining One


Innate Abilities, Weirdness & Mutations

Your dull iron-grey scales are very hard. (AC +11)
You are amphibious.
You cannot fit into any form of body armour.
You are cold-blooded and may be slowed by cold attacks.
You have a pair of small antennae on your head.
You have large cloven feet.
You passively dampen the noise of your surroundings.


Message History

Throw: 20 darts (poison)
Press: ? - help, Q - select action, (/) - cycle Shift-Dir - straight line, f - two-headed ogre
Aim: a two-headed ogre, wielding a +0 giant club and a +0 giant spiked club (74% to hit)
You throw a poisoned dart.
The poisoned dart hits the two-headed ogre.
The two-headed ogre is poisoned.
Throw: 19 darts (poison)
Press: ? - help, Q - select action, (/) - cycle Shift-Dir - straight line, f/p - two-headed ogre
Aim: a two-headed ogre, wielding a +0 giant club and a +0 giant spiked club (lightly wounded, poisoned, haloed, 93% to hit)
You throw a poisoned dart.
The poisoned dart hits the two-headed ogre.
The two-headed ogre looks even sicker.
The two-headed ogre is lightly wounded.
Throw: 18 darts (poison)
Press: ? - help, Q - select action, (/) - cycle Shift-Dir - straight line, f/p - two-headed ogre
Aim: a two-headed ogre, wielding a +0 giant club and a +0 giant spiked club (very poisoned, haloed, 93% to hit)
You throw a poisoned dart.
The poisoned dart hits the two-headed ogre.
The two-headed ogre looks even sicker.
You punch the two-headed ogre!
You kick the two-headed ogre, but do no damage.
The two-headed ogre is lightly wounded.
You hit the two-headed ogre.
The two-headed ogre is moderately wounded.
The two-headed ogre hits you with a +0 giant club!
The two-headed ogre hits you with a +0 giant spiked club!
You punch the two-headed ogre!
You kick the two-headed ogre, but do no damage.
Your punch misses the two-headed ogre.
The two-headed ogre is moderately wounded.
The two-headed ogre hits you with a +0 giant club!!
* * * LOW HITPOINT WARNING * * *
The two-headed ogre hits you with a +0 giant spiked club!
* * * LOW HITPOINT WARNING * * *
You see here 17 stones.
The two-headed ogre looks more healthy.
You see here 17 stones.
There is a stone staircase leading up here.
The two-headed ogre hits you with a +0 giant club!
You die...

...####.## #.#
#........# ##.#######
##.#.##..# #........#
#.#.##..## #..#####.#
#.#.##...# #..# #.#
#.#.###..# ##(.### #.#
##.#.###..# ##(....#
#.#
......##..#####(#.#..#
#.#
##.#......(....O@....#
#.#
#........#####.#.#..#
#.#
####.####.######...#.#
#.# .....#
#......##.##.# #.#
###### ######.##.##.#
#.# #.##.##.###.#
#.##........#
#.#####.[...# #.#
#.###.#


You could see a two-headed ogre.

Vanquished Creatures
  Grinder (D:6)
  Purgy (Sewer)
  A black bear (D:6)
  An ice beast (D:5)
  2 ogres
  3 scorpions (D:5)
  A howler monkey (D:6)
  A hound (D:5)
  A jelly (D:6)
  3 orc priests
  A bullfrog skeleton (D:6)
  2 iguanas
  A centaur skeleton (D:5)
  2 orc wizards (D:6)
  A mummy (Ossuary)
  A hound skeleton (D:4)
  A howler monkey zombie (D:4)
  A howler monkey skeleton (D:4)
  6 gnolls
  5 adders
  An ufetubus (D:4)
  3 worms
  2 dart slugs (D:2)
  15 orcs
  5 endoplasms
  4 giant cockroaches
  5 goblins
  6 hobgoblins
  5 jackals
  3 quokkas
  10 ball pythons
  9 bats
  7 frilled lizards
  5 gnoll skeletons (Ossuary)
  A hobgoblin zombie (D:4)
  7 kobolds
  7 kobold skeletons (Ossuary)
  A kobold zombie (D:4)
  13 orc skeletons (Ossuary)
  A quokka skeleton (D:4)
  11 rats
157 creatures vanquished.

Notes
Turn   | Place    | Note
-------+----------+-------------------------------------------
     0 | D:1      | pkoi the Draconian Monk began the quest for the Orb.
     0 | D:1      | Reached XP level 1. HP: 19/19 MP: 1/1
   204 | D:1      | Reached XP level 2. HP: 22/26 MP: 2/2
   679 | D:2      | Reached skill level 4 in Unarmed Combat
   825 | D:2      | Reached XP level 3. HP: 10/31 MP: 3/3
  1225 | D:2      | Reached skill level 5 in Unarmed Combat
  1225 | D:2      | Reached XP level 4. HP: 38/38 MP: 4/4
  1265 | D:2      | You fall into a shaft and drop 2 floors!
  1265 | D:4      | Found a sand-covered staircase.
  1271 | Ossuary  | Entered an ossuary
  1271 | Ossuary  | Noticed a wraith
  1271 | Ossuary  | Noticed a wraith
  1271 | Ossuary  | Noticed a wraith
  1780 | Ossuary  | Noticed a wraith
  2108 | D:2      | Reached XP level 5. HP: 28/45 MP: 5/5
  2121 | D:2      | Gained mutation: You have a pair of small antennae on your
                  | head. [potion of mutation]
  2121 | D:2      | Gained mutation: You have large cloven feet. [potion of
                  | mutation]
  2121 | D:2      | Gained mutation: You passively dampen the noise of your
                  | surroundings. [potion of mutation]
  2390 | D:2      | Reached skill level 6 in Unarmed Combat
  3024 | D:3      | Found a faded altar of an unknown god.
  3666 | D:3      | Found a hazy altar of Hepliaklqana.
  3667 | D:3      | Found a glowing golden altar of the Shining One.
  3852 | D:3      | Became a worshipper of the Shining One
  3852 | D:3      | Reached * piety under the Shining One
  3852 | D:3      | Reached ** piety under the Shining One
  3955 | D:3      | Found a burning altar of Makhleb.
  4307 | D:4      | Reached XP level 6. HP: 51/51 MP: 6/6
  4530 | D:4      | Reached skill level 7 in Unarmed Combat
  4585 | D:4      | Identified a scroll of acquirement
  4585 | D:4      | Acquired a +2 hat
  4990 | D:4      | Identified the +2 mace "Hesi" {freeze, rF+ Int+4 SInv}
  5005 | D:5      | Entered Level 5 of the Dungeon
  5015 | D:5      | Noticed an ice beast
  5036 | D:5      | Killed an ice beast
  5380 | D:5      | Reached skill level 8 in Unarmed Combat
  5380 | D:5      | Your scales start taking on a dull iron-grey colour.
  5380 | D:5      | Reached XP level 7. HP: 46/57 MP: 7/7
  5474 | D:5      | Found a glowing drain.
  5487 | Sewer    | Entered a sewer
  5515 | Sewer    | Noticed Purgy
  5525 | Sewer    | Killed Purgy
  5860 | D:5      | Reached skill level 9 in Unarmed Combat
  6089 | D:6      | Noticed a two-headed ogre
  6310 | D:6      | Reached *** piety under the Shining One
  6317 | D:6      | Reached XP level 8. HP: 63/63 MP: 8/8
  6373 | D:6      | Reached skill level 10 in Unarmed Combat
  6425 | D:6      | Noticed Grinder
  6426 | D:6      | Paralysed by Grinder for 6 turns
  6438 | D:6      | Killed Grinder
  6731 | D:6      | HP: 3/63 [two-headed ogre (15)]
  6760 | D:6      | Slain by a two-headed ogre

Illustrated notes

Levels and vault maps discovered:
D:1:      moated_graveyard_arrival, layout_loops_ring
D:2:      layout_rooms
D:3:      layout_basic, mainiacjoe_overflow_surrounded_room,
          gammafunk_temple_overflow_statue,
          shapermc_ecumenical_altar_starsandcircs
D:4:      layout_basic, enter_ossuary_3, chequers_hall_statues_wall_a
D:5:      layout_cave_pools, portal_sewer_entry_b, serial_column_ruins,
          column_ruins_open_medium_water, column_ruins_grid_3,
          column_ruins_corridor_corner, column_ruins_corridor_straight,
          column_ruins_grid_1, dk_noncrumbling_2
D:6:      layout_loops_ring, uniq_grinder

Skill      XL: |  1  2  3  4  5  6  7  8 |
---------------+-------------------------+-----
Unarmed Combat | 4 5 6 8 9 10 | 10.9
Fighting       | |  3.2
Dodging        | |  2.6
Stealth        | |  1.7

Action                   |  1- 3 |  4- 6 |  7- 9 || total
-------------------------+-------+-------+-------++-------
Melee: Unarmed           |   107 |   265 |   100 ||   472
       Tailslap          |    15 |    30 |    12 ||    57
       Punch             |     1 |    10 |     3 ||    14
       Kick              |       |    32 |    27 ||    59
       Mace              |       |     9 |       ||     9
Throw: Dart              |       |       |     3 ||     3
  Use: Scroll            |       |     9 |     3 ||    12
       Potion            |       |     6 |     6 ||    12
 Stab: Sleeping          |     2 |     6 |       ||     8
       Distracted        |       |     1 |       ||     1
Armor: Skin              |    31 |    67 |    47 ||   145
Dodge: Dodged            |    70 |   140 |    57 ||   267
